 Seeded DCSS version 0.30-a0-219-gf2db51d15e (webtiles) character file.

Game seed: 111111111111111 (custom seed)

4244 shadowstone the Protected (level 10, -19/61 HPs)
             Began as a Gargoyle Fighter on Oct 7, 2022.
             Was an Initiate of Yredelemnul.
             Shot with an arrow by a centaur warrior (20 damage)
             ... on level 8 of the Dungeon on Oct 8, 2022.
             The game lasted 00:31:11 (6097 turns).

shadowstone the Protected (Gargoyle Fighter)        Turns: 6097, Time: 00:31:12

Health: -19/61     AC: 29    Str: 23    XL:     10   Next: 30%
Magic:  10/10      EV:  7    Int: 10    God:    Yredelemnul [......]
Gold:   260        SH:  5    Dex:  9    Spells: 9/9 levels left

rFire   . . .      SeeInvis +    k - +5 hammer "Tukeilen" {spect, *Corrode Will+ SInv}
rCold   . . .      Faith    .    c - +0 buckler
rNeg    + . .      Spirit   .    e - +0 plate armour
rPois   ∞          Reflect  .    s - +2 hat
rElec   +          Harm     .    (no cloak)
rCorr   .          Rampage  .    (no gloves)
Will    +....                    h - +0 pair of boots
Stlth   ..........               (no amulet)
HPRegen 0.30/turn                q - +4 ring of protection
MPRegen 0.12/turn                t - ring of flight

@: flying
A: sickness immunity, AC +7, negative energy resistance 1, electricity
resistance, torment resistance 1, petrification resistance
a: Renounce Religion, Recall Undead Harvest


You were on level 8 of the Dungeon.
You worshipped Yredelemnul.
Yredelemnul was noncommittal.
You visited 2 branches of the dungeon, and saw 8 of its levels.

You collected 260 gold pieces.

Inventory:

Hand Weapons
 d - a +2 quarterstaff of chaos
 k - the +5 hammer "Tukeilen" (weapon) {spect, *Corrode Will+ SInv}
   (You found it on level 2 of the Dungeon)

   When its wielder attacks, the weapon's spirit leaps out and strikes again.
   The spirit shares a part of any damage it takes with its wielder.
   SInv:      It lets you see invisible.
   *Corrode:  It may corrode you when you take damage.
   Will:      It increases your willpower.
 m - a +1 hammer of protection
Missiles
 i - 5 poisoned darts (quivered)
Armour
 b - a +0 scale mail
 c - a +0 buckler (worn)
 e - a +0 plate armour (worn)
 h - a +0 pair of boots (worn)
 l - a +2 cloak of stealth
 o - a +0 hat
 s - a +2 hat (worn)
Jewellery
 q - a +4 ring of protection (left hand)
 t - a ring of flight (right hand)
Wands
 z - a wand of acid (13)
Scrolls
 a - 2 scrolls of magic mapping {unknown}
 g - a scroll of noise
 n - 3 scrolls of identify
 u - a scroll of immolation {unknown}
 v - a scroll of enchant weapon
 w - a scroll of poison
 x - 2 scrolls of amnesia
 A - a scroll of enchant armour {unknown}
Potions
 f - 2 potions of haste {unknown}
 j - a potion of curing {unknown}
 p - a potion of heal wounds {unknown}
 r - a potion of mutation


   Skills:
 + Level 6.6 Fighting
 + Level 9.1 Maces & Flails
 + Level 1.4 Throwing
 + Level 10.2 Armour
 + Level 0.6 Dodging
 + Level 2.9 Stealth
 + Level 5.7 Shields


You had 9 spell levels left.
You didn't know any spells.
Your spell library contained the following spells:

 Spells                   Type           Power      Damage    Failure   Level
 Magic Dart               Conj           0%         1d3       99%         1
 Slow                     Hex            0%         N/A       99%         1
 Call Imp                 Summ           0%         N/A       100%        2
 Confusing Touch          Hex            0%         N/A       100%        3
 Mephitic Cloud           Conj/Pois/Air  0%         N/A       100%        3
 Vampiric Draining        Necr           0%         2d6       100%        3


Dungeon Overview and Level Annotations

Branches:
Dungeon (8/15)             Temple (1/1) D:5
   Lair: D:8-11

Altars:
Ashenzari
Cheibriados
Dithmenos
Elyvilon
Fedhas
Gozag
Hepliaklqana
Kikubaaqudgha
Makhleb
Nemelex Xobeh
Okawaru
Qazlal
Ru
Sif Muna
Trog
Uskayaw
Vehumet
Wu Jian
Xom
Yredelemnul
Zin
The Shining One

Annotations:
D:6 1 runed translucent door, LnG's ghost, novice KoSu


Innate Abilities, Weirdness & Mutations

You are immune to sickness and miasma.
Your stone body is resilient. (AC +7)
You are immune to poison.
You resist negative energy. (rN+)
You are resistant to electric shocks. (rElec)
You are resistant to unholy torment.
You are immune to petrification.


Message History

It stops flaming.
The centaur warrior hits your black bear zombie!
The centaur warrior kicks your black bear zombie.
You reach down and open the door.
There is an open door here.
You can no longer trade souls for undead servants.
There is an open door, spattered with blood here.
You see here a +0 shortbow.
The centaur warrior wields a +1 shortbow of flaming.
It bursts into flame!
The centaur warrior shoots an arrow.
The arrow hits you but does no damage.
The centaur warrior shoots an arrow.
You block the arrow.
There is an open door here.
The centaur warrior shoots an arrow.
The arrow hits you but does no damage.
The centaur warrior shoots an arrow.
You block the arrow.
The centaur warrior shoots an arrow.
The arrow hits you. The arrow burns you.
The centaur warrior shoots an arrow.
The arrow hits you but does no damage.
The centaur warrior shoots an arrow.
The arrow hits you but does no damage.
The centaur warrior shoots an arrow.
The arrow hits you but does no damage.
The centaur warrior shoots an arrow.
The arrow closely misses you.
The centaur warrior shoots an arrow.
The arrow hits you but does no damage.
The centaur warrior shoots an arrow.
The arrow hits you!! The arrow burns you.
The centaur warrior shoots an arrow.
You block the arrow.
The centaur warrior shoots an arrow.
The arrow hits you! The arrow burns you.
* * * LOW HITPOINT WARNING * * *
The centaur warrior shoots an arrow.
The arrow hits you but does no damage.
The centaur warrior shoots an arrow.
You block the arrow.
The centaur warrior shoots an arrow.
The arrow hits you but does no damage.
The centaur warrior shoots an arrow.
The arrow hits you but does no damage.
The centaur warrior shoots an arrow.
The arrow hits you!
* * * LOW HITPOINT WARNING * * *
The arrow burns you.
* * * LOW HITPOINT WARNING * * *
The centaur warrior shoots an arrow.
The arrow hits you.
* * * LOW HITPOINT WARNING * * *
The arrow burns you.
* * * LOW HITPOINT WARNING * * *
The centaur warrior shoots an arrow.
The arrow hits you!!
You die...
Your body rises from the dead as a mindless zombie. ...#####...c#######..#.# ##### #.............#Z# ZZZ.# ###########c###Z####### ###.# #.# #.ZZZZZZ#

#.### #c# #######Z#
###.Z.############.#######
#Z#
.####.Z.Z................#
#.# .#
#####....###..######.###.#
.# #....# #@## #.....# .#
#.Z..# #.# ####### .#
###..###.# .# ##...#.# .#
#..>..# .# ####### .# ##


You could see a centaur warrior.

Vanquished Creatures
  A hornet (D:7)
  Prince Ribbit (D:5)
  A wraith (D:8)
  Menkaure (D:5)
  2 water moccasins (D:7)
  3 orc warriors (D:8)
  2 ice beasts
  A sky beast (D:7)
  A black bear (D:8)
  A centaur (D:8)
  A lemure (D:6)
  5 bullfrogs
  4 necrophages
  A gnoll sergeant (D:6)
  4 scorpions
  2 wights
  A jelly (D:5)
  2 hounds
  Crazy Yiuf (D:2)
  2 gnoll boudas
  3 iguanas
  2 orc wizards (D:5)
  11 gnolls
  2 ufetubi
  2 worms (D:2)
  A dart slug (D:4)
  13 orcs
  An endoplasm (D:2)
  A giant cockroach (D:1)
  4 goblins
  3 hobgoblins
  4 jackals (D:1)
  4 kobolds
  2 quokkas (D:1)
  6 ball pythons
  4 bats
  3 frilled lizards
  2 rats (D:1)
105 creatures vanquished.

Vanquished Creatures (collateral kills)
  A two-headed ogre (D:8)
  Pikel (D:6)
  An ice beast (D:7)
  A jelly (D:8)
  A hound (D:5)
  An iguana (D:5)
  2 gnolls
  3 orcs (D:6)
11 creatures vanquished.

Vanquished Creatures (others)
  A two-headed ogre zombie (D:8)
  A black bear zombie (D:8)
  A bullfrog zombie (D:6)
  A scorpion zombie (D:6)
  A jelly zombie (D:8)
  4 gnoll zombies
  7 orc zombies (D:8)
  A spectral ufetubus (D:6)
17 creatures vanquished.

Grand Total: 133 creatures vanquished

Notes
Turn   | Place    | Note
-------+----------+-------------------------------------------
     0 | D:1      | shadowstone the Gargoyle Fighter began the quest for the
                  | Orb.
     0 | D:1      | Reached XP level 1. HP: 14/14 MP: 1/1
   167 | D:1      | Reached XP level 2. HP: 19/19 MP: 2/2
   525 | D:1      | Reached XP level 3. HP: 20/23 MP: 3/3
  1076 | D:2      | Identified the +5 hammer "Tukeilen" {spect, *Corrode Will+
                  | SInv}
  1098 | D:2      | Found a runed translucent door.
  1099 | D:2      | Noticed Crazy Yiuf
  1109 | D:2      | HP: 1/24 [Crazy Yiuf/+2 quarterstaff of chaos (1)]
  1111 | D:2      | Killed Crazy Yiuf
  1112 | D:2      | Reached XP level 4. HP: 2/29 MP: 4/4
  1548 | D:2      | You fall into a shaft and drop 2 floors!
  1682 | D:4      | Reached skill level 4 in Armour
  1921 | D:5      | Entered Level 5 of the Dungeon
  1973 | D:5      | Noticed Menkaure
  1983 | D:5      | Killed Menkaure
  1984 | D:5      | Reached skill level 5 in Armour
  1984 | D:5      | Reached XP level 5. HP: 10/33 MP: 5/5
  1984 | D:5      | Reached XP level 6. HP: 12/38 MP: 6/6
  1991 | D:5      | Found a staircase to the Ecumenical Temple.
  2317 | Temple   | Entered the Ecumenical Temple
  2692 | Temple   | Became a worshipper of Yredelemnul the Dark
  2858 | D:5      | Reached skill level 6 in Armour
  2858 | D:5      | Reached XP level 7. HP: 43/44 MP: 7/7
  2930 | D:5      | Reached * piety under Yredelemnul
  2939 | D:5      | Reached skill level 1 in Stealth
  2956 | D:5      | Noticed Prince Ribbit
  2967 | D:5      | Killed Prince Ribbit
  2967 | D:5      | Reached ** piety under Yredelemnul
  2968 | D:5      | Reached skill level 5 in Maces & Flails
  3084 | D:5      | Reached skill level 7 in Armour
  3084 | D:5      | Reached XP level 8. HP: 48/48 MP: 8/8
  3567 | D:6      | Found a runed translucent door.
  3570 | D:6      | Noticed LnG's ghost (novice KoSu)
  3576 | D:6      | Reached skill level 5 in Fighting
  3605 | D:6      | Noticed Pikel
  3621 | D:6      | HP: 2/49 [Pikel/+0 whip of freezing (4)]
  3643 | D:6      | Killed Pikel
  3644 | D:6      | Reached skill level 8 in Armour
  3644 | D:6      | Reached skill level 5 in Shields
  3906 | D:6      | Reached XP level 9. HP: 55/55 MP: 9/9
  4077 | D:6      | Found a blossoming altar of Fedhas.
  4162 | D:7      | Found a glowing golden altar of the Shining One.
  4218 | D:7      | Noticed a hornet
  4227 | D:7      | Killed a hornet
  4324 | D:7      | Reached skill level 9 in Armour
  4816 | D:7      | Reached *** piety under Yredelemnul
  5317 | D:8      | Reached XP level 10. HP: 59/61 MP: 10/10
  5603 | D:8      | Reached skill level 1 in Throwing
  5607 | D:8      | Reached skill level 10 in Armour
  5697 | D:8      | Noticed a two-headed ogre
  5707 | D:8      | Killed a two-headed ogre
  6046 | D:8      | Noticed a manticore
  6046 | D:8      | Noticed a centaur warrior
  6046 | D:8      | Noticed a kobold demonologist
  6046 | D:8      | Noticed a boulder beetle
  6089 | D:8      | HP: 2/61 [centaur warrior/arrow (3)]
  6096 | D:8      | HP: 2/61 [centaur warrior/arrow (2)]
  6097 | D:8      | Shot with an arrow by a centaur warrior

Illustrated notes

Levels and vault maps discovered:
D:1:      matt_arrival_grand_opening, layout_basic, nicolae_hexahallways
D:2:      layout_basic, uniq_crazy_yiuf_cottage
D:4:      layout_basic
D:5:      layout_loops_ring, minmay_temple_entry_crystal_x,
          kennysheep_generic_room_12, uniq_prince_ribbit1, uniq_menkaure
D:6:      layout_loops_ring, mainiacjoe_overflow_tiny_flanked,
          ebering_ghost_reflecting_pool, hangedman_abyss_or_decor_stabs,
          uniq_pikel
D:7:      layout_cave_pods, mainiacjoe_overflow_chevrons, minivault_27
D:8:      minmay_chambers_of_sevens, layout_basic
Temple:   nicolae_temple_slightly_damp_pantheon

Skill      XL: |  1  2  3  4  5  6  7  8  9 10 |
---------------+-------------------------------+-----
Maces & Flails | 3 4 5 6 8 9 |  9.1
Armour         | 5 6 7 8 9 10 | 10.2
Fighting       | 4 5 6 |  6.6
Shields        | 4 5 |  5.7
Stealth        | 1 2 |  2.9
Throwing       | 1 |  1.4
Dodging        | |  0.6

Action                   |  1- 3 |  4- 6 |  7- 9 | 10-12 || total
-------------------------+-------+-------+-------+-------++-------
Melee: Flail             |    86 |       |       |       ||    86
       Mace              |     7 |    34 |   182 |    22 ||   245
Throw: Dart              |       |       |     8 |       ||     8
       Throwing net      |       |       |     1 |       ||     1
  Use: Potion            |     2 |       |     1 |       ||     3
       Scroll            |       |     3 |     3 |     2 ||     8
Armor: Scale mail        |     7 |       |       |       ||     7
       Plate armour      |    72 |    30 |   139 |    34 ||   275
Dodge: Dodged            |    43 |     6 |    73 |    24 ||   146
Block: Buckler           |    22 |    12 |    55 |    17 ||   106

Table legend: (Time is in decaauts)
 A = Elapsed time spent in this place.
 B = Non-inter-level travel time spent in this place.
 C = Inter-level travel time spent in this place.
 D = Time resting spent in this place.
 E = Time spent auto-exploring this place.
 F = Levels seen in this place.
 G = Mean time per level.
                   A        B        C        D        E       F      G
               +--------+--------+--------+--------+--------+-----+--------+
         Total |   6154 |   6113 |     41 |   1366 |    132 |   8 |  769.2 |
       Dungeon |   5753 |   5712 |     41 |   1366 |    132 |   7 |  821.9 |
        Temple |    400 |    400 |      0 |      0 |      0 |   1 |  400.0 |
               +--------+--------+--------+--------+--------+-----+--------+

Top non-repeatable levels by time:
     D:8: 1262 daAuts
     D:5: 1053 daAuts
     D:1: 869 daAuts
     D:6: 816 daAuts
     D:2: 693 daAuts
     D:7: 681 daAuts
  Temple: 400 daAuts
     D:4: 375 daAuts
